 Dungeon Crawl Stone Soup version 0.26-a0-64-g059e62fbdb (webtiles) character file.

Game seed: 16227775693511076401

1616 pablo the Chopper (level 9, -1/64 (66) HPs)
             Began as a Human Fighter on June 11, 2020.
             Was an Initiate of Trog.
             Killed by divine providence
             ... invoked by an orc priest
              (12 damage)
             ... on level 6 of the Dungeon.
             The game lasted 00:31:14 (5361 turns).

pablo the Chopper (Human Fighter)                   Turns: 5361, Time: 00:31:14

HP:   -1/64 (66)    AC: 14    Str: 20    XL:     9   Next: 17%
MP:   9/9           EV: 11    Int: 11    God:    Trog [......]
Gold: 276           SH:  0    Dex: 19    Spells: 8/8 levels left

rFire    + . .     SeeInvis .   s - +3 great sword (curse)
rCold    + . .     Gourm    .   (shield currently unavailable)
rNeg     . . .     Faith    .   t - +4 ring mail "Qistraynk" {Int+3}
rPois    +         Spirit   .   (no helmet)
rElec    +         Reflect  .   k - +0 cloak
rCorr    +         Harm     .   (no gloves)
MR       .....                  e - +2 pair of boots
Stlth    +.........             (no amulet)
HPRegen  0.20/turn              j - +6 ring of dexterity
MPRegen  0.11/turn              (no ring)

@: resistant, lightly drained
A: no striking features
a: Renounce Religion


You were on level 6 of the Dungeon.
You worshipped Trog.
Trog was noncommittal.
You were not hungry.

You visited 2 branches of the dungeon, and saw 7 of its levels.

You collected 276 gold pieces.

Inventory:

Hand Weapons
 g - a +0 hunting sling
 l - a +0 scythe
 n - a +3 vampiric war axe {epic gamer}
 q - a +2 flail of protection
 s - a cursed +3 great sword (weapon)
 u - a +0 dire flail of draining
Missiles
 i - 107 stones (quivered)
 o - 40 sling bullets
Armour
 b - a +0 scale mail
 c - a +0 kite shield
 e - a +2 pair of boots (worn)
 k - a +0 cloak (worn)
 m - a +0 plate armour
 t - the +4 ring mail "Qistraynk" (worn) {Int+3}
   (You found it on level 6 of the Dungeon)

   It affects your intelligence (+3).
Jewellery
 j - a +6 ring of dexterity (left hand)
Wands
 x - a wand of acid (1)
Scrolls
 r - 2 scrolls of teleportation
 w - a scroll of blinking
Potions
 a - a potion of flight
 d - 2 potions of might
 h - a potion of ambrosia
 p - 2 potions of resistance
 v - a potion of mutation {unknown}
 z - a potion of magic {unknown}
Comestibles
 f - 9 rations


   Skills:
 + Level 4.7(4.2) Fighting
 + Level 0.4(0.0) Long Blades
 + Level 7.8(7.2) Axes
 + Level 5.3(4.7) Armour
 + Level 1.3(0.9) Dodging
 + Level 0.2(0.0) Stealth
 + Level 5.8(5.3) Shields


You had 8 spell levels left.
You didn't know any spells.
Your spell library was empty.

Dungeon Overview and Level Annotations

Branches:
Dungeon (6/15)             Temple (1/1) D:5

Altars:
Ashenzari
Dithmenos
Elyvilon
Fedhas
Gozag
Kikubaaqudgha
Makhleb
Nemelex Xobeh
Okawaru
Qazlal
Ru
Trog
Uskayaw
Vehumet
Yredelemnul
Lugonu


Message History

The orc warrior is lightly wounded.
The orc warrior misses you.
The orc warrior hits you with a +0 halberd.
You closely miss the orc warrior.
The orc warrior is lightly wounded.
The orc priest begins to cast a cantrip, but forgets the words!
The orc warrior hits you with a +0 halberd!
You hit the orc warrior but do no damage.
The orc warrior is lightly wounded.
The orc warrior hits you with a +0 halberd!
The bullfrog swells and bulges.
The orc priest invokes the aid of Beogh against you.
Beogh smites you!
* * * LOW HITPOINT WARNING * * *
The orc warrior hits you with a +0 halberd!
* * * LOW HITPOINT WARNING * * *
You feel protected.
The orc priest calls down the wrath of Beogh upon you.
Beogh smites you!
You die... #.# #.# #.# #.# .oo

#F#
#o####
#@...#
#....#
#.####
#.#
#.#
#.#
#.#
#.#
#.#
#.#
#.#
#.#
#)#


You could see an orc warrior, a bullfrog, an orc priest and an orc.

Vanquished Creatures
  Grinder (D:4)
  Sigmund (D:3)
  Eustachio (D:4)
  Edmund (D:4)
  2 phantoms
  A necrophage (D:6)
  A centaur (D:5)
  Blork the orc (D:5)
  4 wights (D:6)
  A howler monkey (D:6)
  2 hounds
  2 iguanas
  3 worker ants
  A hound zombie (D:5)
  2 hound skeletons
  6 gnolls
  7 adders
  An ooze (D:5)
  An adder skeleton (D:5)
  2 worms
  3 leopard geckos
  3 orcs
  4 bats
  6 giant cockroaches
  5 goblins
  2 hobgoblins
  3 jackals (D:1)
  2 quokkas
  A ball python (D:3)
  8 frilled lizards
  A giant cockroach zombie (D:5)
  9 kobolds
  6 rats
  2 demonic plants (Temple)
  12 fungi (D:6)
  4 toadstools (D:6)
112 creatures vanquished.

Notes
Turn   | Place    | Note
-------+----------+-------------------------------------------
     0 | D:1      | pablo the Human Fighter began the quest for the Orb.
     0 | D:1      | Reached XP level 1. HP: 18/18 MP: 1/1
   207 | D:1      | Reached XP level 2. HP: 24/24 MP: 2/2
   740 | D:1      | Reached XP level 3. HP: 29/29 MP: 3/3
  1086 | D:2      | Reached XP level 4. HP: 35/35 MP: 4/4
  1112 | D:2      | Found a burning altar of Makhleb.
  1127 | D:2      | Became a worshipper of Makhleb the Destroyer
  1304 | D:2      | Noticed an earth elemental
  1307 | D:2      | Found a stormy altar of Qazlal.
  1311 | D:2      | Noticed an air elemental
  1312 | D:2      | Noticed a water elemental
  1312 | D:2      | Noticed a fire elemental
  1407 | D:2      | Found a sparkling altar of Nemelex Xobeh.
  1554 | D:3      | Reached skill level 3 in Axes
  1562 | D:3      | Reached XP level 5. HP: 40/41 MP: 5/5
  2875 | D:4      | Noticed Sigmund
  2878 | D:4      | Noticed Grinder
  2902 | D:4      | Killed Grinder
  2902 | D:4      | Reached skill level 4 in Axes
  2902 | D:4      | Reached XP level 6. HP: 35/47 MP: 6/6
  2931 | D:3      | Killed Sigmund
  2931 | D:3      | Reached XP level 7. HP: 19/52 MP: 7/7
  3163 | D:4      | Noticed Eustachio
  3176 | D:4      | Reached * piety under Makhleb
  3207 | D:4      | Killed Eustachio
  3207 | D:4      | Reached skill level 5 in Axes
  3494 | D:4      | Noticed Edmund
  3509 | D:4      | Killed Edmund
  3509 | D:4      | Reached skill level 5 in Shields
  3509 | D:4      | Reached XP level 8. HP: 46/60 MP: 8/8
  3546 | D:4      | Found a white marble altar of Elyvilon.
  3899 | D:5      | Entered Level 5 of the Dungeon
  3950 | D:5      | Reached skill level 6 in Axes
  4029 | D:5      | Reached skill level 1 in Dodging
  4095 | D:5      | Noticed Blork the orc
  4105 | D:5      | Killed Blork the orc
  4182 | D:5      | Reached skill level 5 in Armour
  4288 | D:5      | Found a staircase to the Ecumenical Temple.
  4297 | Temple   | Entered the Ecumenical Temple
  4400 | Temple   | Fell from the grace of Makhleb
  4400 | Temple   | Became a worshipper of Trog the Wrathful
  4475 | D:5      | Found the +12 glaive of Prune {vorpal}
  4742 | D:6      | Reached skill level 7 in Axes
  4781 | D:6      | Reached XP level 9. HP: 52/66 MP: 9/9
  4821 | D:6      | Found a shadowy altar of Dithmenos.
  4891 | D:6      | Got a brightly glowing ring mail
  4902 | D:6      | Identified the +4 ring mail "Qistraynk" {Int+3} (You found
                  | it on level 6 of the Dungeon)
  4966 | D:6      | Found an iron altar of Okawaru.
  5361 | D:6      | Killed from afar by an orc priest

Illustrated notes

Levels and vault maps discovered:
D:1:      kilobyte_arrival_exit_the_forest, layout_basic,
          minmay_worlds_worst_comb
D:2:      layout_rooms, overflow_temple_1_default,
          nicolae_qazlal_style_of_elements, nemelex_altar_shiori
D:3:      layout_loops_corners
D:4:      cheibrodos_old_hovel, layout_basic, marbit_many_paths,
          elyvilon_altar_4, first_ration, uniq_edmund, uniq_sigmund,
          uniq_eustachio, uniq_grinder
D:5:      layout_rooms, lemuel_temple_firewalk_b, uniq_blork_the_orc
D:6:      layout_loops_ring, overflow_temple_1_default, led_sif_pool,
          grunt_dithmenos_shadows, minmay_gold_behind_fungi
Temple:   corrupted_temple

Skill      XL: |  1  2  3  4  5  6  7  8 |
---------------+-------------------------+-----
Axes           | 3 4 5 7 |  7.8
Shields        | 4 5 |  5.8
Armour         | 4 5 |  5.3
Fighting       | 4 |  4.7
Dodging        | 1 |  1.3
Long Blades    | |  0.4
Stealth        | |  0.2

Action                   |  1- 3 |  4- 6 |  7- 9 || total
-------------------------+-------+-------+-------++-------
Melee: War axe           |    69 |    83 |   249 ||   401
       Great sword       |       |       |    25 ||    25
  Use: Scroll            |     3 |     7 |     2 ||    12
       Potion            |       |     1 |     1 ||     2
  Eat: Ration            |     1 |     1 |     3 ||     5
Armor: Scale mail        |    46 |    12 |       ||    58
       Plate armour      |       |    50 |   113 ||   163
       Ring mail         |       |       |     9 ||     9
Dodge: Dodged            |    29 |    15 |    51 ||    95
Block: Kite shield       |    49 |    51 |    91 ||   191
       Rpst.: Great sword |       |       |     7 ||     7

Table legend:
 A = Non-vault XP
 B = Vault XP
 C = Vault XP percentage of total XP
 D = Non-vault monster count
 E = Vault monster count
 F = Vault count percentage of total count
                 A         B        C        D         E       F
            +---------+---------+-------+---------+---------+-------
      Total |    1234 |    1075 |  46.6 |      83 |      11 |  11.7
            +---------+---------+-------+---------+---------+-------
        D:1 |      22 |       8 |  26.7 |      15 |       4 |  21.1
        D:2 |      82 |       0 |   0.0 |      18 |       0 |   0.0
        D:3 |      70 |     227 |  76.4 |      16 |       1 |   5.9
        D:4 |      16 |     623 |  97.5 |       2 |       4 |  66.7
        D:5 |     491 |      90 |  15.5 |      17 |       1 |   5.6
        D:6 |     553 |     127 |  18.7 |      15 |       1 |   6.2
            +---------+---------+-------+---------+---------+-------
